 Dungeon Crawl Stone Soup version 0.27-a0-216-g1fbed8a51c (webtiles) character file.

Game seed: 6508763263636700142

213 jasper the Charlatan (level 5, -1/26 HPs)
             Began as a Spriggan Artificer on Jan 31, 2021.
             Slain by a quokka (2 damage)
             ... on level 4 of the Dungeon.
             The game lasted 00:07:01 (4751 turns).

jasper the Charlatan (Spriggan Artificer)           Turns: 4751, Time: 00:07:01

Health: -1/26      AC:  2    Str:  8    XL:     5   Next: 59%
Magic:  6/6        EV: 21    Int: 12    God:
Gold:   151        SH:  0    Dex: 18    Spells: 4/4 levels left

rFire    . . .     SeeInvis +   i - +0 spear
rCold    . . .     Faith    .   (shield restricted)
rNeg     . . .     Spirit   .   b - +0 robe
rPois    .         Reflect  .   (helmet restricted)
rElec    .         Harm     .   (no cloak)
rCorr    .         Rampage  .   (gloves unavailable)
Will     .....                  (boots unavailable)
Stlth    +++.......             (no amulet)
HPRegen  0.08/turn              (no ring)
MPRegen  0.10/turn              (no ring)

@: very quick
A: very small, unfitting armour, see invisible, speed 3
a: no special abilities


You were on level 4 of the Dungeon.
You visited 1 branch of the dungeon, and saw 4 of its levels.

You collected 151 gold pieces.

Inventory:

Hand Weapons
 a - a +0 club
 i - a +0 spear (weapon)
 k - a +0 short sword
Missiles
 g - 154 stones
 v - 55 arrows
 w - 83 bolts
 z - a throwing net
 B - 8 poisoned darts
Armour
 b - a +0 robe (worn)
Wands
 c - a wand of polymorph (3) (quivered)
 d - a wand of charming (13)
Scrolls
 f - a scroll of fog {unknown}
 m - 4 scrolls of teleportation {unknown}
 o - 5 scrolls of identify {unknown}
 s - a scroll of enchant weapon {unknown}
 t - a scroll of blinking {unknown}
 y - a scroll of fear {unknown}
 A - a scroll of magic mapping {unknown}
Potions
 h - a potion of degeneration {unknown}
 j - 2 potions of berserk rage {unknown}
 l - a potion of mutation {unknown}
 n - 3 potions of lignification {unknown}
 p - a potion of might {unknown}
 q - 3 potions of attraction {unknown}
 r - 2 potions of flight {unknown}
 u - a potion of curing {unknown}
 x - 2 potions of haste {unknown}
 C - a potion of heal wounds {unknown}


   Skills:
 + Level 2.2 Fighting
 + Level 1.2 Bows
 + Level 5.2 Dodging
 + Level 4.4 Stealth
 - Level 0.2 Invocations
 + Level 5.2 Evocations


You had 4 spell levels left.
You didn't know any spells.
Your spell library was empty.

Dungeon Overview and Level Annotations

Branches:
Dungeon (4/15)
 Temple: D:4-7

Altars:
Elyvilon
Nemelex Xobeh
Qazlal
Sif Muna
Uskayaw
Vehumet

Annotations:
D:3 1 runed translucent door, Crazy Yiuf, Natasha


Innate Abilities, Weirdness & Mutations

You are very small and have problems with some larger weapons.
You are too small for most types of armour.
You have supernaturally acute eyesight. (SInv)
You cover ground extremely quickly.


Message History

The quokka closely misses you. The iguana barely misses you.
You hit the iguana.
The iguana is moderately wounded.
The quokka completely misses you.
Your ogre misses the quokka. The iguana closely misses you.
You hit the iguana but do no damage.
The iguana is moderately wounded.
The quokka barely misses you. The iguana misses you.
Your ogre closely misses the quokka.
You hit the iguana but do no damage.
The iguana is moderately wounded.
The quokka completely misses you. The iguana bites you! The quokka bites you.
You take 12 damage, and have 14/26 hp.
MASSIVE DAMAGE!!
You hit the iguana.
The iguana is heavily wounded.
Your ogre closely misses the quokka.
The iguana bites you!
Ouch! That really hurt!
* * * LOW HITPOINT WARNING * * *
The quokka bites you.
You die...

......#.#.# #...#
........#$#.# .# #+##...#
........#.#.# .# ........
........#.#.# .# #.........
#........#.# .# #.........
#........#.##.# #.........
#.............######.........
#..........l.................
####+#.....r@................
#....O########..#'######
#.#.....# #..#.......
#.#+#...# #..#..#####
#.......# #......<#..
#.......# #.......#.#
#.......# #.......#.#
#.#+#...########.......#'# #.
#............<[.......


You could see an iguana, a quokka and a friendly ogre (charmed).

Vanquished Creatures
  Jessica (D:3)
  Natasha (twice) (D:3)
  A worker ant (D:3)
  Robin (D:3)
  A gnoll (D:4)
  2 adders
  2 worms (D:3)
  A dart slug (D:2)
  4 leopard geckos
  A giant cockroach (D:1)
  17 goblins
  6 hobgoblins
  3 jackals (D:3)
  8 kobolds
  7 bats
  3 frilled lizards (D:3)
  A leopard gecko skeleton (D:3)
  5 rats
66 creatures vanquished.

Notes
Turn   | Place    | Note
-------+----------+-------------------------------------------
     0 | D:1      | jasper the Spriggan Artificer began the quest for the Orb.
     0 | D:1      | Reached XP level 1. HP: 9/9 MP: 2/2
   212 | D:1      | Reached skill level 1 in Fighting
   271 | D:1      | Reached XP level 2. HP: 12/14 MP: 3/3
  1099 | D:2      | Found a white marble altar of Elyvilon.
  1330 | D:2      | Reached XP level 3. HP: 18/18 MP: 4/4
  2256 | D:3      | Noticed Robin
  2489 | D:3      | Killed Robin
  2604 | D:3      | Found a runed translucent door.
  2605 | D:3      | Noticed Crazy Yiuf
  2653 | D:3      | Reached XP level 4. HP: 20/23 MP: 5/5
  2922 | D:3      | Noticed Jessica
  2931 | D:3      | Killed Jessica
  3109 | D:3      | Found a sparkling altar of Nemelex Xobeh.
  3112 | D:3      | Found a hide-covered altar of Uskayaw.
  3115 | D:3      | Found a stormy altar of Qazlal.
  3118 | D:3      | Found a shimmering blue altar of Sif Muna.
  3302 | D:3      | Found a radiant altar of Vehumet.
  3317 | D:3      | Noticed Natasha
  3489 | D:3      | Killed Natasha
  3490 | D:3      | Reached skill level 5 in Evocations
  3490 | D:3      | Reached XP level 5. HP: 20/26 MP: 6/6
  3660 | D:3      | Noticed Natasha
  3666 | D:3      | Killed Natasha
  3667 | D:3      | Reached skill level 5 in Dodging
  3896 | D:3      | Noticed Natasha
  4055 | D:3      | Reached skill level 1 in Bows
  4704 | D:4      | Noticed an ogre
  4751 | D:4      | HP: 1/26 [iguana (13)]
  4751 | D:4      | Slain by a quokka

Illustrated notes

Levels and vault maps discovered:
D:1:      evilmike_arrival_hilbert_curve, layout_loops_ring
D:2:      layout_loops_corners, elyvilon_altar_1
D:3:      layout_basic, grunt_temple_overflow_cloverleaf, vehumet_crystals,
          uniq_jessica, uniq_robin, uniq_crazy_yiuf_cottage, uniq_natasha
D:4:      layout_basic, nicolae_overflow_hidden_temple, uniq_menkaure

Skill      XL: |  1  2  3  4  5 |
---------------+----------------+-----
Fighting       | 1 2 |  2.2
Stealth        | 2 3 4 |  4.4
Dodging        | 4 5 |  5.2
Evocations     | 5 |  5.2
Bows           | 1 |  1.2
Invocations    | |  0.2

Action                   |  1- 3 |  4- 6 || total
-------------------------+-------+-------++-------
Melee: Spear             |   149 |   142 ||   291
       Club              |     3 |       ||     3
Evoke: Wand              |     9 |    30 ||    39
 Stab: Sleeping          |    11 |     5 ||    16
       Paralysed         |       |    15 ||    15
       Distracted        |       |     1 ||     1
Armor: Robe              |     9 |     5 ||    14
Dodge: Dodged            |   114 |   132 ||   246

Table legend: (Time is in decaauts)
 A = Elapsed time spent in this place.
 B = Non-inter-level travel time spent in this place.
 C = Inter-level travel time spent in this place.
 D = Time resting spent in this place.
 E = Time spent auto-exploring this place.
 F = Levels seen in this place.
 G = Mean time per level.
                   A        B        C        D        E       F      G
               +--------+--------+--------+--------+--------+-----+--------+
         Total |   3774 |   3574 |    200 |    826 |   2084 |   4 |  943.5 |
       Dungeon |   3774 |   3574 |    200 |    826 |   2084 |   4 |  943.5 |
               +--------+--------+--------+--------+--------+-----+--------+

Top non-repeatable levels by time:
     D:3: 1565 daAuts
     D:2: 1145 daAuts
     D:1: 647 daAuts
     D:4: 416 daAuts
